 Dungeon Crawl Stone Soup version 0.30-a0-823-geb93a13fce (webtiles) character file.

Game seed: 9042305635615482934

988 retardedninja the Shield-Bearer (level 8, -1/67 HPs)
             Began as a Gnoll Fighter on Feb 27, 2023.
             Slain by an orc warrior
             ... wielding a +1 battleaxe of flaming
              (6 damage)
             ... on level 5 of the Dungeon.
             The game lasted 00:05:59 (4493 turns).

retardedninja the Shield-Bearer (Gnoll Fighter)     Turns: 4493, Time: 00:05:59

Health: -1/67      AC: 13    Str: 17    XL:     8   Next: 18%
Magic:  12/12      EV:  8    Int:  8    God:
Gold:   247        SH:  5    Dex: 12    Spells: 13/13 levels left

rFire   . . .      SeeInvis .    d - +0 flail (heavy)
rCold   . . .      Faith    .    c - +0 buckler
rNeg    + . .      Spirit   .    v - +0 chain mail
rPois   .          Reflect  .    q - +0 helmet
rElec   .          Harm     .    (no cloak)
rCorr   .          Rampage  .    (no gloves)
Will    .....                    w - +0 pair of boots Stlth
                                 o - amulet of the acrobat
HPRegen 0.31/turn                f - ring of positive energy
MPRegen 0.13/turn                (no ring)

@: no status effects
A: fangs 1, strong nose, distributed training
a: no special abilities


You were on level 5 of the Dungeon.
You visited 2 branches of the dungeon, and saw 6 of its levels.
You also visited: Sewer.

You collected 247 gold pieces.

Inventory:

Hand Weapons
 d - a +0 heavy flail (weapon)
Armour
 c - a +0 buckler (worn)
 q - a +0 helmet (worn)
 v - a +0 chain mail (worn)
 w - a +0 pair of boots (worn)
Jewellery
 f - a ring of positive energy (left hand)
 o - an amulet of the acrobat (around neck)
Wands
 u - a wand of flame (11)
Scrolls
 a - 2 scrolls of enchant weapon {unknown}
 b - 2 scrolls of immolation {unknown}
 g - 4 scrolls of vulnerability {unknown}
 i - a scroll of magic mapping {unknown}
 j - 4 scrolls of noise {unknown}
 k - 7 scrolls of identify {unknown}
 l - a scroll of poison {unknown}
 n - 5 scrolls of teleportation {unknown}
 p - a scroll of fog {unknown}
 s - 2 scrolls of brand weapon {unknown}
 t - a scroll of enchant armour {unknown}
Potions
 e - a potion of degeneration {unknown}
 h - a potion of curing
 m - a potion of heal wounds
 r - a potion of mutation {unknown}


   Skills:
 + Level 7.3 Fighting
 + Level 3.1 Short Blades
 + Level 3.1 Long Blades
 + Level 3.1 Axes
 + Level 5.6 Maces & Flails
 + Level 3.1 Polearms
 + Level 3.1 Staves
 + Level 3.1 Ranged Weapons
 + Level 3.1 Throwing
 + Level 7.3 Armour
 + Level 3.1 Dodging
 + Level 3.1 Stealth
 + Level 7.3 Shields
 + Level 3.1 Unarmed Combat
 + Level 3.1 Spellcasting
 + Level 2.5 Conjurations
 + Level 2.5 Hexes
 + Level 2.5 Summonings
 + Level 2.5 Necromancy
 + Level 2.5 Translocations
 + Level 2.5 Transmutations
 + Level 2.5 Fire Magic
 + Level 2.5 Ice Magic
 + Level 2.5 Air Magic
 + Level 2.5 Earth Magic
 + Level 2.5 Poison Magic
 + Level 3.5 Invocations
 + Level 3.1 Evocations


You had 13 spell levels left.
You didn't know any spells.
Your spell library contained the following spells:

 Spells                   Type           Power      Damage    Failure   Level
 Slow                     Hex            20%        N/A       85%         1
 Sting                    Tmut/Pois      20%        1d4       85%         1
 Blink                    Tloc           10%        N/A       94%         2
 Lesser Beckoning         Tloc           10%        N/A       94%         2
 Momentum Strike          Conj/Tloc      10%        3d8       94%         2
 Poisonous Vapours        Pois/Air       10%        N/A       94%         2
 Confusing Touch          Hex            5%         N/A       99%         3
 Vampiric Draining        Necr           5%         2d6       99%         3
 Olgreb's Toxic Radiance  Pois           5%         N/A       100%        4


Dungeon Overview and Level Annotations

Branches:
Dungeon (5/15)             Temple (1/1) D:4           Sewer (visited)

Altars:
Cheibriados
Elyvilon
Fedhas
Hepliaklqana
Kikubaaqudgha
Nemelex Xobeh
Qazlal
Ru
Trog
Vehumet
Wu Jian
Xom
Zin
The Shining One

Shops:
D:4 (


Innate Abilities, Weirdness & Mutations

You have very sharp teeth.
Your uncanny sense of smell can sniff out nearby items.
Your experience applies equally to all skills.


Message History

The ufetubus hits you but does no damage.
You block the ufetubus's attack. You block the orc warrior's attack.
The orc closely misses you. The ufetubus barely misses you.
The ufetubus hits you. The orc hits you but does no damage.
The orc warrior hits you with a +1 battleaxe of flaming.
The orc warrior burns you.
The ufetubus hits you but does no damage. x2
You hit the orc warrior.
The orc warrior is lightly wounded.
The ufetubus hits you but does no damage.
The ufetubus closely misses you.
The orc warrior hits you with a +1 battleaxe of flaming.
* * * LOW HITPOINT WARNING * * *
The orc warrior burns you.
* * * LOW HITPOINT WARNING * * *
The orc barely misses you. The ufetubus barely misses you.
The ufetubus completely misses you.
You hit the orc warrior.
The orc warrior is moderately wounded.
The ufetubus hits you but does no damage.
The ufetubus closely misses you. The orc warrior closely misses you.
The orc hits you but does no damage. You block the ufetubus's attack.
The ufetubus hits you but does no damage.
The orc hits you with a +0 hand axe.
* * * LOW HITPOINT WARNING * * *
You block the orc warrior's attack. The ufetubus completely misses you.
The ufetubus barely misses you.
You sock the orc warrior!
The orc warrior is almost dead.
The ufetubus barely misses you. The ufetubus hits you.
* * * LOW HITPOINT WARNING * * *
The orc warrior hits you with a +1 battleaxe of flaming!
* * * LOW HITPOINT WARNING * * *
The orc warrior burns you.
* * * LOW HITPOINT WARNING * * *
You block the orc's attack.
The ufetubus hits you but does no damage. x2
The orc hits you but does no damage.
The orc warrior hits you with a +1 battleaxe of flaming.
You die...

#.#.#.# # # #. .....
#. ∆ .###.... ..
........# #.. #.
..... ∆ # ! #.. ....
# #...#..## ..
#...#5oo# ..
#.....@.#∆
#.......###.### .
#.............. # .##
#.......#####. # ..'
..'.............# #
#.#...####.......##.#
#.#...+ ......).###.#
∆
#.#...#####.........#
#.#... #########.#


You could see an orc warrior, an orc and an ufetubus.

Vanquished Creatures
  2 ogres (D:5)
  2 bullfrogs (Sewer)
  2 necrophages (D:5)
  A scorpion (D:4)
  A howler monkey (D:5)
  A hound (D:5)
  5 orc priests
  Jessica (D:2)
  An iguana (D:5)
  2 orc wizards (D:4)
  Robin (D:2)
  5 adders
  A gnoll (D:1)
  2 worms
  2 dart slugs
  16 orcs
  6 ball pythons
  11 endoplasms
  9 giant cockroaches
  7 goblins
  3 hobgoblins
  2 jackals (D:1)
  3 kobolds (D:3)
  9 quokkas
  5 bats
  10 frilled lizards
  5 rats
115 creatures vanquished.

Notes
Turn   | Place    | Note
-------+----------+-------------------------------------------
     0 | D:1      | retardedninja the Gnoll Fighter began the quest for the
                  | Orb.
     0 | D:1      | Reached XP level 1. HP: 23/23 MP: 1/1
   148 | D:1      | Reached XP level 2. HP: 17/29 MP: 2/2
   842 | D:2      | Reached XP level 3. HP: 35/35 MP: 3/3
   875 | D:2      | Reached skill level 1 in Invocations
   901 | D:2      | Reached skill level 1 in Short Blades
   901 | D:2      | Reached skill level 1 in Long Blades
   901 | D:2      | Reached skill level 1 in Axes
   901 | D:2      | Reached skill level 1 in Polearms
   901 | D:2      | Reached skill level 1 in Staves
   901 | D:2      | Reached skill level 1 in Ranged Weapons
   901 | D:2      | Reached skill level 1 in Throwing
   901 | D:2      | Reached skill level 1 in Dodging
   901 | D:2      | Reached skill level 1 in Stealth
   901 | D:2      | Reached skill level 1 in Unarmed Combat
   901 | D:2      | Reached skill level 1 in Spellcasting
   901 | D:2      | Reached skill level 1 in Evocations
   901 | D:2      | Reached XP level 4. HP: 7/41 MP: 5/5
  1192 | D:2      | Noticed Jessica
  1209 | D:2      | Killed Jessica
  1210 | D:2      | Reached skill level 1 in Conjurations
  1210 | D:2      | Reached skill level 1 in Hexes
  1210 | D:2      | Reached skill level 1 in Summonings
  1210 | D:2      | Reached skill level 1 in Necromancy
  1210 | D:2      | Reached skill level 1 in Translocations
  1210 | D:2      | Reached skill level 1 in Transmutations
  1210 | D:2      | Reached skill level 1 in Fire Magic
  1210 | D:2      | Reached skill level 1 in Ice Magic
  1210 | D:2      | Reached skill level 1 in Air Magic
  1210 | D:2      | Reached skill level 1 in Earth Magic
  1210 | D:2      | Reached skill level 1 in Poison Magic
  1449 | D:2      | Noticed Robin
  1453 | D:2      | Killed Robin
  1454 | D:2      | Reached XP level 5. HP: 47/47 MP: 5/7
  2630 | D:4      | Found a glowing drain.
  2654 | Sewer    | Entered a sewer
  2906 | Sewer    | Reached skill level 5 in Maces & Flails
  2906 | Sewer    | Reached XP level 6. HP: 52/53 MP: 7/9
  3264 | D:4      | Reached XP level 7. HP: 30/60 MP: 10/10
  3545 | D:4      | Found an ornate altar of the Wu Jian Council.
  3587 | D:4      | Found a radiant altar of Vehumet.
  3597 | D:4      | Found Toumypt's Weapon Shop.
  3797 | D:4      | Found a staircase to the Ecumenical Temple.
  3806 | D:4      | Found a bloodstained altar of Trog.
  3819 | Temple   | Entered the Ecumenical Temple
  4019 | D:4      | Found a sparkling altar of Nemelex Xobeh.
  4104 | D:5      | Entered Level 5 of the Dungeon
  4138 | D:5      | HP: 2/60 [ogre/+0 giant club (13)]
  4300 | D:5      | Reached XP level 8. HP: 64/67 MP: 12/12
  4493 | D:5      | Slain by an orc warrior

Illustrated notes

Levels and vault maps discovered:
D:1:      dpeg_arrival_shelter, layout_basic
D:2:      layout_loops_ring, uniq_robin, uniq_jessica
D:3:      layout_basic
D:4:      layout_rooms, mainiacjoe_overflow_small_starburst,
          trog_butcher_becter, kennysheep_little_box, kennysheep_mini,
          minmay_temple_entry_mist, serial_shops, nicolae_shop_window_shopping,
          cheibrodos_sewer_entry_drain
D:5:      layout_basic, nicolae_gozag_cash_rules_everything_around_me,
          grunt_dithmenos_smoke_and_mirrors
Temple:   hellmonk_temple_beads

Skill      XL: |  1  2  3  4  5  6  7 |
---------------+----------------------+-----
Invocations    | 1 2 3 |  3.5
Short Blades   | 1 2 3 |  3.1
Long Blades    | 1 2 3 |  3.1
Axes           | 1 2 3 |  3.1
Polearms       | 1 2 3 |  3.1
Staves         | 1 2 3 |  3.1
Ranged Weapons | 1 2 3 |  3.1
Throwing       | 1 2 3 |  3.1
Dodging        | 1 2 3 |  3.1
Stealth        | 1 2 3 |  3.1
Unarmed Combat | 1 2 3 |  3.1
Spellcasting   | 1 2 3 |  3.1
Evocations     | 1 2 3 |  3.1
Conjurations   | 1 2 |  2.5
Hexes          | 1 2 |  2.5
Summonings     | 1 2 |  2.5
Necromancy     | 1 2 |  2.5
Translocations | 1 2 |  2.5
Transmutations | 1 2 |  2.5
Fire Magic     | 1 2 |  2.5
Ice Magic      | 1 2 |  2.5
Air Magic      | 1 2 |  2.5
Earth Magic    | 1 2 |  2.5
Poison Magic   | 1 2 |  2.5
Maces & Flails | 5 |  5.6
Fighting       | 7 |  7.3
Armour         | 7 |  7.3
Shields        | 7 |  7.3

Action                     |  1- 3 |  4- 6 |  7- 9 || total
---------------------------+-------+-------+-------++-------
  Melee: Flail             |    50 |   166 |    87 ||   303
         Bite              |     6 |    17 |     4 ||    27
  Throw: Boomerang         |    13 |    21 |       ||    34
    Use: Potion            |     1 |     3 |     6 ||    10
 Armour: Scale mail        |    26 |    87 |    11 ||   124
         Skin              |       |     2 |    45 ||    47
         Chain mail        |       |       |    33 ||    33
  Dodge: Dodged            |    36 |   138 |    55 ||   229
  Block: Buckler           |    27 |    62 |    41 ||   130

Table legend: (Time is in decaauts)
 A = Elapsed time spent in this place.
 B = Non-inter-level travel time spent in this place.
 C = Inter-level travel time spent in this place.
 D = Time resting spent in this place.
 E = Time spent auto-exploring this place.
 F = Levels seen in this place.
 G = Mean time per level.
                   A        B        C        D        E       F      G
               +--------+--------+--------+--------+--------+-----+--------+
         Total |   4802 |   4723 |     79 |    633 |   3074 |   7 |  686.0 |
       Dungeon |   3983 |   3916 |     67 |    633 |   2503 |   5 |  796.6 |
        Temple |    107 |     95 |     12 |      0 |     84 |   1 |  107.0 |
         Sewer |    710 |    710 |      0 |      0 |    486 |   1 |  710.0 |
               +--------+--------+--------+--------+--------+-----+--------+

Top non-repeatable levels by time:
     D:2: 1014 daAuts
     D:3: 946 daAuts
     D:4: 883 daAuts
     D:1: 720 daAuts
   Sewer: 710 daAuts
     D:5: 419 daAuts
  Temple: 107 daAuts
